[Event "Late-Titled-Tuesday-Blitz-June-04-2024"]
[Site "Chess.com"]
[Date "2024.06.04"]
[Round "2"]
[White "ncofre98"]
[Black "snowlord"]
[Result "0-1"]
[WhiteElo "2585"]
[BlackElo "2928"]
[TimeControl "180+1"]
[EndTime "14:17:44 PDT"]
[Termination "snowlord won by resignation"]

1. c4 g6 2. g3 e6 3. Bg2 d5 4. Nf3 Ne7 5. d4 Bg7 6. O-O Nbc6 7. Nc3 O-O 8. cxd5 exd5 9. Bg5 h6 10. Bxe7 Nxe7 11. b4 Be6 12. Rc1 a6 13. e3 g5 14.
Ne1 Qd7 15. Nd3 b6 16. a4 Ng6 17. Qb3 Rfd8 18. b5 a5 19. Rfd1 h5 20. Qb2 Rac8 21. Ne2 h4 22. Ne5 Nxe5 23. dxe5 Qe8 24. Rd2 Bg4 25.
f4 h3 26. Bh1 c6 27. bxc6 Rxc6 28. Rf1 Bxe2 29. Rxe2 Rc4 30. Qxb6 Qxa4 31. e6 Qe8 32. f5 Rb4 33. Qxa5 Rdb8 34. Bxd5 fxe6 35. Bxe6+ Kh8 36.
Qd5 Qh5 37. Qf3 g4 38. Qf4 Bf6 39. Qd6 Qg5 40. Qd5 Rb1 41. Qe4 R1b2 42. Qc4 Kg7 43.
Qd3 Rd8 44. Qd7+ Rxd7 0-1

[Event "Late-Titled-Tuesday-Blitz-June-04-2024"]
[Site "Chess.com"]
[Date "2024.06.04"]
[Round "2"]
[White "krzyzan94"]
[Black "Schattman"]
[Result "1-0"]
[WhiteElo "2816"]
[BlackElo "2545"]
[TimeControl "180+1"]
[EndTime "14:17:45 PDT"]
[Termination "krzyzan94 won on time"]

1. Nf3 Nf6 2. g3 d5 3. Bg2 e6 4.
O-O Be7 5. c4 O-O 6. b3 b6 7.
Bb2 Bb7 8. e3 Nbd7 9. Nc3 c5 10.
Ne2 Re8 11. Rc1 Rc8 12. Nf4 dxc4 13. bxc4 Qc7 14. d4 h6 15. Qe2 Bd6 16. Rfd1 Ba6 17. Bf1 e5 18. dxe5 Nxe5 19. Nh4 Bb7 20. Bg2 Bxg2 21.
Nhxg2 Qc6 22. Nd5 Nxd5 23. cxd5 Qd7 24. f4 Qg4 25. Qxg4 Nxg4 26. Re1 f5 27. h3 Nf6 28. Bxf6 gxf6 29. Nh4 Re4 30. Nxf5 Bf8 31. Kg2 Ra4 32. Rc2 Re8 33. d6 c4 34. Rd1 b5 35.
Kf3 Kf7 36. Rd5 a6 37. Nd4 Ra3 38. Re2 Rd8 39. d7 Ke7 40. Nc6+ Ke6 41. Red2 c3 42. Nxd8+ 1-0

[Event "Late-Titled-Tuesday-Blitz-June-04-2024"]
[Site "Chess.com"]
[Date "2024.06.04"]
[Round "2"]
[White "GlavkonVVS"]
[Black "KIEV-1"]
[Result "0-1"]
[WhiteElo "2545"]
[BlackElo "2353"]
[TimeControl "180+1"]
[EndTime "14:17:46 PDT"]
[Termination "KIEV-1 won by resignation"]

1. c4 c5 2. Nc3 Nc6 3. g3 d6 4.
Bg2 e5 5. Nf3 Be6 6. d3 Qd7 7.
Ng5 Bf5 8. e4 Bg6 9. h4 h6 10. Bh3 Qd8 11. Nf3 Be7 12. Be3 Bh5 13.
g4 Bg6 14. h5 Bh7 15. Rg1 Nd4 16. Nd5 Nf6 17. g5 Nxd5 18. cxd5 Nxf3+ 19. Qxf3 Bxg5 20.
Bxg5 hxg5 21. Bf5 Bxf5 22. Qxf5 Rxh5 23. O-O-O Qf6 24. Qg4 Qf4+ 25. Qxf4 exf4 26. d4 cxd4 27. Rxd4 f6 28. Rc4 Kd7 29. Kd2 Rc8 30. Rxc8 Kxc8 31.
Ke2 Rh3 32. Rc1+ Kd7 33. Rc4 g4 34. Rb4 b6 35. Ra4 a5 36. b4 Rh2 37. Ke1 g3 38. fxg3 fxg3 39. Kf1 Rf2+ 40. Kg1 axb4 41. Ra7+ Ke8 42.
Rxg7 Rxa2 43. Rxg3 Kd7 44. Rg7+ Kc8 45. Rg8+ Kb7 46.
Rg7+ Ka6 47. Rg8 Kb5 48. Rg3 Kc4 49. Rf3 b3 0-1

[Event "Late-Titled-Tuesday-Blitz-June-04-2024"]
[Site "Chess.com"]
[Date "2024.06.04"]
[Round "2"]
[White "norwaytoadog"]
[Black "SahaNeelash"]
[Result "0-1"]
[WhiteElo "2334"]
[BlackElo "2678"]
[TimeControl "180+1"]
[EndTime "14:17:47 PDT"]
[Termination "SahaNeelash won by resignation"]

1. e4 c6 2. d4 d5 3. e5 Bf5 4. Nf3 e6 5. Be2 Ne7 6. O-O h6 7. Nbd2 Nd7 8. Nb3 Bh7 9. a4 a6 10. a5 Nc8 11. Bd2 Na7 12. c4 dxc4 13. Bxc4 Nb5 14. Rc1 Nc7 15. Qe1 Be7 16. Bb4 O-O 17.
Bxe7 Qxe7 18. Qc3 Be4 19. Nfd2 Bd5 20. Bd3 Nb5 21. Qc2 Qb4 22. Bc4 Nc7 23. Rfe1 Rfd8 24. Re3 Nf8 25. Rg3 Nb5 26. Ne4 Bxc4 27. Qxc4 Qxc4 28. Rxc4 Ng6 29. f3 Ne7 30. f4 Nd5 31. Rf3 Kf8 32. g4 f6 33. f5 exf5 34. gxf5 fxe5 35.
dxe5 Ndc7 36. Nbc5 Rd5 37. e6 Nd4 38. Rf2 Nxf5 39.
Ng3 g6 40. Rcf4 Rxc5 41. Nxf5 Rxf5 42. Rxf5+ gxf5 43. Rxf5+ Ke8 44. Rh5 Nxe6 45. Rxh6 Kf7 46. Rh7+ Ng7 47. Kg2 Rd8 48. h4 Rd2+ 49. Kg3 Rxb2 50.
h5 Kg8 51. Rh6 Rb5 52. Rd6 Nf5+ 0-1

[Event "Late-Titled-Tuesday-Blitz-June-04-2024"]
[Site "Chess.com"]
[Date "2024.06.04"]
[Round "2"]
[White "BabageldiAnnaberdiyev"]
[Black "BogdanDeac"]
[Result "0-1"]
[WhiteElo "2615"]
[BlackElo "3018"]
[TimeControl "180+1"]
[EndTime "14:17:48 PDT"]
[Termination "BogdanDeac won by resignation"]

1. e4 c5 2. Nf3 e6 3. d3 d5 4. Nbd2 Nc6 5. g3 Bd6 6. Bg2 Nge7 7. O-O O-O 8. Re1 Bc7 9. Qe2 Rb8 10. c3 b6 11. Nf1 Ba6 12. e5 Ng6 13. Bf4 h6 14.
Rad1 f6 15. exf6 Nxf4 16. gxf4 Rxf6 17. Ne5 Nxe5 18. fxe5 Rf5 19. Ng3 Rxe5 20. Qg4 Qg5 21. Qxg5 hxg5 22. Rxe5 Bxe5 23. Re1 Bxg3 24. hxg3 Kf7 25.
Bh3 Re8 26. d4 Kf6 27. f4 gxf4 28. gxf4 Bd3 29. Kf2 Be4 30. dxc5 bxc5 31. Bg2 Bxg2 32. Kxg2 a5 33. a4 Rb8 34. Re2 c4 35. Kf3 Rh8 36. Kg2 Rh5 37. b3 cxb3 38. Rb2 g5 39. fxg5+ Rxg5+ 40.
Kf3 Rf5+ 41. Ke3 Re5+ 42. Kd3 Re4 43. Rxb3 Rxa4 44. Rb6 Rc4 45. Ra6 a4 46. Ra8 e5 47.
Ra5 Ke6 48. Ra6+ Kf5 49. Ra5 e4+ 50. Kd2 Ke5 51. Ra8 d4 52. Ra5+ Kf4 53. cxd4 Rxd4+ 54. Ke2 Rb4 55. Kd2 Rb2+ 56. Kc3 Rb3+ 57. Kc2 Rd3 58. Rxa4 Rd8 59. Ra7 e3 60. Rf7+ Kg3 61. Re7 Kf2 62. Rf7+ Ke2 63. Rd7 Rxd7 0-1

[Event "Late-Titled-Tuesday-Blitz-June-04-2024"]
[Site "Chess.com"]
[Date "2024.06.04"]
[Round "2"]
[White "Ykow"]
[Black "TheSilmarils"]
[Result "1-0"]
[WhiteElo "2573"]
[BlackElo "2866"]
[TimeControl "180+1"]
[EndTime "14:17:49 PDT"]
[Termination "Ykow won by resignation"]

1. e4 c6 2. Nf3 d5 3. d3 g6 4. e5 c5 5. Bf4 Bg4 6. h3 Bxf3 7. Qxf3 e6 8. d4 cxd4 9. Bb5+ Nc6 10. O-O Qb6 11. c4 dxc3 12. Nxc3 Bg7 13. Bg5 Ne7 14.
Bf6 O-O 15. Bxg7 Kxg7 16. Qf6+ Kg8 17. h4 Nf5 18. Bxc6 bxc6 19. g4 Nd4 20. h5 Qd8 21. Qf4 c5 22. Kg2 Rb8 23. Qd2 Rb4 24. Rh1 g5 25. h6 f5 26. Rh5 f4 27. b3 Kh8 28.
Rd1 Rg8 29. f3 Rg6 30. Ne2 Qb8 31. Rc1 Qxe5 32. Nxd4 Rxd4 33. Qb2 Qe3 34. Rxc5 Qd2+ 35. Qxd2 Rxd2+ 36. Kg1 Rg8 37. a3 Rd8 38. Rxg5 Rg8 39. Rxg8+ Kxg8 40. Rc7 a5 41. Rg7+ Kf8 42. Rxh7 e5 43. Rd7 Kg8 44. g5 e4 45. g6 Kf8 46.
h7 Ke8 47. Ra7 Rd1+ 48. Kh2 1-0

[Event "Late-Titled-Tuesday-Blitz-June-04-2024"]
[Site "Chess.com"]
[Date "2024.06.04"]
[Round "2"]
[White "rasmussvane"]
[Black "nabukatnezarr"]
[Result "1-0"]
[WhiteElo "2929"]
[BlackElo "2585"]
[TimeControl "180+1"]
[EndTime "14:17:50 PDT"]
[Termination "rasmussvane won on time"]

1. Nf3 Nf6 2. g3 b6 3. Bg2 Bb7 4. O-O g6 5. d4 Bg7 6. c4 O-O 7. Re1 d6 8. Qc2 Be4 9. Qd2 c5 10. Nc3 Bb7 11. d5 Re8 12. e4 e6 13. Qc2 exd5 14.
cxd5 Na6 15. Bf4 Nc7 16. a4 a6 17. Bf1 Nh5 18. Bg5 Qd7 19. Qb3 Rab8 20. Rad1 Ba8 21.
Bg2 b5 22. axb5 axb5 23. Qc2 b4 24. Nb1 b3 25. Qc1 Nb5 26. Bh6 Bh8 27. Nbd2 Nd4 28. Nxd4 Bxd4 29. Be3 Bg7 30. Nc4 Rb4 31. Bd2 Rbb8 32.
Bc3 Bb7 33. e5 dxe5 34. Nxe5 Bxe5 35. Bxe5 Rbc8 36. h3 c4 37. g4 Ng7 38. Qh6 Rxe5 39. Rxe5 Qd6 40. Qe3 Ba6 41. Qc3 Qc5 42. d6 Qb6 43. d7 Rd8 44. Re7 Qc5 45. Qf6 1-0

[Event "Late-Titled-Tuesday-Blitz-June-04-2024"]
[Site "Chess.com"]
[Date "2024.06.04"]
[Round "2"]
[White "gmcorrales"]
[Black "Smoking_Crow"]
[Result "1-0"]
[WhiteElo "2894"]
[BlackElo "2560"]
[TimeControl "180+1"]
[EndTime "14:17:52 PDT"]
[Termination "gmcorrales won by checkmate"]

1. d4 Nf6 2. c4 e6 3. Nc3 d5 4.
cxd5 exd5 5. Bf4 Bd6 6. e3 O-O 7. Bd3 Bxf4 8. exf4 Re8+ 9. Nge2 Nbd7 10. f3 Nb6 11. b3 Qd6 12. Kf2 c5 13. Nb5 Qe7 14. Qd2 c4 15. Bc2 Bd7 16. Nbc3 Rac8 17. Rhe1 Qb4 18.
a3 Qd6 19. b4 Rcd8 20. g4 Nc8 21. Ng3 Qb8 22. Re5 Bxg4 23. Rxe8+ Rxe8 24. fxg4 Nxg4+ 25. Kf3 Nf6 26. Re1 Rd8 27. Nf5 g6 28. Qg2 Nd6 29. Qg5 Nxf5 30. Bxf5 Nh5 31. Bc2 f6 32. Qg4 Kh8 33.
Re6 a5 34. Ne2 axb4 35. axb4 c3 36. Bxg6 hxg6 37. Qxg6 Qc7 38. Qxh5+ Kg7 39. Qg4+ Kf7 40. f5 c2 41. Qg6+ Kf8 42. Rxf6+ Ke7 43. Qf7# 1-0

[Event "Late-Titled-Tuesday-Blitz-June-04-2024"]
[Site "Chess.com"]
[Date "2024.06.04"]
[Round "2"]
[White "Jagerrmeisterr"]
[Black "Cuchulin"]
[Result "1-0"]
[WhiteElo "2672"]
[BlackElo "2270"]
[TimeControl "180+1"]
[EndTime "14:17:55 PDT"]
[Termination "Jagerrmeisterr won by resignation"]

1. Nf3 c5 2. g3 Nc6 3. Bg2 g6 4. O-O Bg7 5. e3 Nf6 6. d4 cxd4 7. exd4 d5 8. Re1 O-O 9. Ne5 Bf5 10. Nxc6 bxc6 11.
Nc3 Nd7 12. g4 Be6 13. Na4 Qa5 14. c3 Rfe8 15. b4 Qc7 16. f4 a5 17. a3 axb4 18. axb4 Nf6 19. h3 h5 20. f5 gxf5 21. gxh5 Ne4 22.
Qf3 Qg3 23. Qxg3 Nxg3 24. Bf4 Ne4 25. Bxe4 fxe4 26. Kh2 Bf6 27. Nc5 Rxa1 28. Rxa1 Bf5 29. Ra6 Rc8 30. Kg3 Kh7 31. Kf2 Bh4+ 32. Ke3 Bxh3 33. h6 f6 34. Ra7 Re8 35. Bd6 f5 36. Bf4 Kg6 37. Nd7 Bg5 38. Ne5+ Kxh6 39. Nf7+ Kg6 40.
Nxg5 Bg4 41. Ne6 Kf6 42. Nc5 Rh8 43. Be5+ Kf7 44. Bxh8 Kg8 45. Be5 Kf7 46. Kf4 Bh3 47. Nb3 Bf1 48. Nd2 Bh3 49. Ra1 Bg4 50. Nf1 Bh3 51.
Ne3 Bg4 52. Nxg4 fxg4 53. Kxg4 Ke6 54. Ra6 1-0

[Event "Late-Titled-Tuesday-Blitz-June-04-2024"]
[Site "Chess.com"]
[Date "2024.06.04"]
[Round "2"]
[White "ChessQueen"]
[Black "patzer-reloaded"]
[Result "1/2-1/2"]
[WhiteElo "2739"]
[BlackElo "2404"]
[TimeControl "180+1"]
[EndTime "14:17:56 PDT"]
[Termination "Game drawn - insufficient material"]

1. e4 d6 2. d4 Nf6 3. Nc3 g6 4. Be3 Bg7 5. Qd2 O-O 6. Nf3 Bg4 7. Be2 Nc6 8. O-O-O Bxf3 9. Bxf3 e5 10. dxe5 dxe5 11.
Qxd8 Rfxd8 12. Nb5 Ne8 13. h4 a6 14. Nc3 Nd4 15. Bxd4 Rxd4 16. Rxd4 exd4 17. Nd5 c6 18. Nb6 Rd8 19. Rd1 Nc7 20. Bg4 h5 21. Bh3 Ne6 22.
g3 Bf8 23. Bxe6 fxe6 24. c3 Bc5 25. Nc4 Ba7 26. f4 Kg7 27. Kc2 d3+ 28. Rxd3 Rxd3 29.
Kxd3 Bf2 30. Na5 Bxg3 31. Nxb7 Bxf4 32. Nd8 Kf6 33. Nxc6 Bg3 34. b4 Bxh4 35. a4 Bf2 36. Ke2 Bg1 37. c4 e5 38. b5 axb5 39. cxb5 Ke6 40. a5 Kd6 41. a6 Kc7 42. Nxe5 Kb6 43. a7 Kxa7 44. Nc4 h4 45. e5 Bc5 46. Kf3 g5 47. Kg4 Kb7 48. e6 Kc7 49. Nd2 Kd8 50. Ne4 Ba7 51. Nxg5 Ke7 52. Kxh4 Be3 53. Kg4 Bxg5 54. Kxg5 Kxe6 55. Kf4 Kd6 56. Ke4 Kc5 57. Kd3 Kxb5 1/2-1/2

[Event "Late-Titled-Tuesday-Blitz-June-04-2024"]
[Site "Chess.com"]
[Date "2024.06.04"]
[Round "2"]
[White "Hasangatin_Ramil"]
[Black "Nick12772"]
[Result "1/2-1/2"]
[WhiteElo "2720"]
[BlackElo "2394"]
[TimeControl "180+1"]
[EndTime "14:17:56 PDT"]
[Termination "Game drawn - insufficient material"]

1. e4 e6 2. d3 d5 3. Qe2 Nf6 4. Nf3 Nc6 5. g3 dxe4 6. dxe4 e5 7. Bg2 Bc5 8. c3 a5 9. O-O O-O 10. Nbd2 Qe7 11. Nh4 Bg4 12. Bf3 Bh3 13. Re1 Rad8 14. Nf5 Bxf5 15. exf5 Rfe8 16. Ne4 Nxe4 17. Bxe4 f6 18.
Qb5 Bb6 19. Bxc6 bxc6 20. Qxc6 Rd6 21. Qe4 Red8 22. Be3 Bxe3 23. Qxe3 Rd2 24. Re2 Qd7 25. Rae1 Rxe2 26. Qxe2 Qxf5 27. Qc4+ Kh8 28. Qxc7 Ra8 29. Rd1 Qc8 30. Qxc8+ Rxc8 31. c4 h6 32. b3 Kh7 33.
Rd5 a4 34. c5 axb3 35. axb3 Rb8 36. Rd3 Kg6 37. c6 Kf7 38. c7 Rc8 39. Rc3 Ke7 40.
Kg2 Kd7 41. Kf3 Rxc7 42. Rxc7+ Kxc7 43. Ke4 g6 44. f4 exf4 45. Kxf4 Kc6 46. h4 h5 47. Ke4 Kc5 48. Kd3 Kb4 49. Kc2 g5 50. Kb2 gxh4 51. gxh4 f5 52. Kc2 f4 53. Kd3 Kxb3 54.
Ke4 Kc4 55. Kxf4 Kd5 56. Kg5 Ke6 57. Kxh5 Kf7 58. Kg4 Kg8 59. Kf3 Kh8 60. Ke2 Kg8 61. Kd1 Kh8 62. Kc1 Kg8 63. Kb1 Kh8 64. Ka1 Kh7 65. Ka2 Kh6 66. Ka3 Kh5 67. Ka4 Kxh4 1/2-1/2

[Event "Late-Titled-Tuesday-Blitz-June-04-2024"]
[Site "Chess.com"]
[Date "2024.06.04"]
[Round "2"]
[White "MaiqMaster"]
[Black "Mischuk_D"]
[Result "0-1"]
[WhiteElo "2425"]
[BlackElo "2716"]
[TimeControl "180+1"]
[EndTime "14:17:58 PDT"]
[Termination "Mischuk_D won by checkmate"]

1. e4 e6 2. b3 d5 3. Bb2 Nc6 4. e5 Nge7 5. f4 h5 6. Nf3 Nf5 7. c4 dxc4 8. Bxc4 Bc5 9. Nc3 a6 10. Ne4 Ba7 11. Qe2 Ncd4 12. Nxd4 Nxd4 13. Bxd4 Qxd4 14.
Rc1 Bd7 15. Rc3 Bc6 16. Bd3 O-O-O 17. Kd1 f5 18. exf6 gxf6 19. Kc2 Bb6 20. Rc4 Qd5 21. Nxf6 Qxg2 22. Qxg2 Bxg2 23. Rc1 h4 24. Be4 h3 25. d3 Rdf8 26. Ng4 Rxf4 27. Bxb7+ Kxb7 28. Rxf4 Rg8 29. Ne5 Bd5 30. Rd1 Be3 31. Rb4+ Kc8 32. Rh4 Rg2+ 33. Kc3 Rxh2 34. Ng4 Bg5 35. Nxh2 Bxh4 36.
Rf1 Bg3 37. Rf8+ Kb7 38. Ng4 h2 39. Nxh2 Bxh2 40. a4 Bd6 41. Rh8 a5 42. d4 Bb4+ 43.
Kb2 Kb6 44. Rh4 c5 45. dxc5+ Kxc5 46. Rg4 e5 47. Rh4 e4 48. Rh1 e3 49. Rh2 Bf3 50. Rh3 e2 51. Rxf3 e1=Q 52. Rf5+ Kd6 53. Rd5+ Kxd5 54. Ka2 Qd2+ 55. Kb1 Kd4 56. Ka1 Kc3 57.
Kb1 Qb2# 0-1

[Event "Late-Titled-Tuesday-Blitz-June-04-2024"]
[Site "Chess.com"]
[Date "2024.06.04"]
[Round "2"]
[White "jlf287"]
[Black "PawnEatingZombie"]
[Result "1-0"]
[WhiteElo "2509"]
[BlackElo "2267"]
[TimeControl "180+1"]
[EndTime "14:17:58 PDT"]
[Termination "jlf287 won on time"]

1. e4 c5 2. Nf3 Nc6 3. Bb5 Nf6 4. Bxc6 dxc6 5. d3 Bg4 6. h3 Bh5 7. Bf4 Nd7 8. g4 Bg6 9. Nbd2 Qb6 10. Nc4 Qa6 11.
a4 f6 12. e5 e6 13. O-O O-O-O 14. Re1 Bf7 15. Nfd2 h5 16. Ne4 Nxe5 17. Bxe5 fxe5 18. Nxe5 Be8 19. a5 Be7 20. b3 Bf6 21. f4 Be7 22. g5 Qb5 23. Qc1 Bd6 24. Nc4 Bc7 25. Nc3 Qa6 26.
Rxe6 Bd7 27. Re7 Bxh3 28. Qe3 Bg4 29. Re1 b6 30. Rxc7+ Kxc7 31. Qe5+ Kc8 32. f5 Rhe8 33. Nd6+ Rxd6 34. Qxe8+ Rd8 35. Qxc6+ Kb8 36. Re7 Rc8 37. Qd6+ Ka8 38. Qd5+ Kb8 39. Qe5+ Ka8 40. Nd5 Qxa5 41. Nc7+ Rxc7 42. Rxc7 1-0

[Event "Late-Titled-Tuesday-Blitz-June-04-2024"]
[Site "Chess.com"]
[Date "2024.06.04"]
[Round "2"]
[White "carloseduar100"]
[Black "jinbojinbo"]
[Result "0-1"]
[WhiteElo "2267"]
[BlackElo "2670"]
[TimeControl "180+1"]
[EndTime "14:17:59 PDT"]
[Termination "jinbojinbo won by resignation"]

1. d4 f5 2. h3 Nf6 3. g4 d5 4. Bg2 fxg4 5. hxg4 Bxg4 6. Nc3 Nc6 7. Bg5 Be6 8. Qd3 Qd7 9. a3 O-O-O 10. Bxf6 exf6 11.
Rxh7 Rxh7 12. Qxh7 Nxd4 13. O-O-O Bf5 14. Bh3 Bxh3 15.
Nxh3 Qg4 16. f3 Qe6 17. Rxd4 Bxa3 18. Rd3 Bc5 19. Kb1 g5 20. Qh5 Be3 21. Qg4 f5 22.
Qg2 g4 23. Nf2 d4 24. Nfd1 dxc3 25. Rxd8+ Kxd8 26. fxg4 fxg4 27. Qxb7 cxb2 28. Qb8+ Kd7 29. Qb5+ Ke7 30. Qxb2 Bb6 31. Qg7+ Ke8 32. Qh8+ Kd7 33. Qh7+ Kc8 34. Nc3 Qe5 35. Qg8+ Kb7 36. Qd5+ Qxd5 37.
Nxd5 g3 38. Nf4 Kc6 39. Kc1 Kd6 40. Kd2 Ke5 41. Ng2 Ke4 42. e3 a5 43. Ke2 a4 44.
Ne1 Bxe3 45. c4 a3 46. Nc2 Bc5 0-1

[Event "Late-Titled-Tuesday-Blitz-June-04-2024"]
[Site "Chess.com"]
[Date "2024.06.04"]
[Round "2"]
[White "ChessLebaneseSalah"]
[Black "baki83"]
[Result "0-1"]
[WhiteElo "2573"]
[BlackElo "2908"]
[TimeControl "180+1"]
[EndTime "14:18:00 PDT"]
[Termination "baki83 won by resignation"]

1. e4 c5 2. Nf3 d6 3. d4 cxd4 4. Nxd4 Nf6 5. Nc3 Nc6 6. Bg5 e6 7. Qd2 a6 8. O-O-O Bd7 9. f4 Be7 10. Nf3 b5 11. e5 b4 12. exd6 bxc3 13. Qxc3 Bf8 14. Ne5 Nxe5 15. Qxe5 Qb6 16. Be2 Rc8 17. Rd2 Rc5 18. Qd4 Nd5 19. c4 Rc6 20. Kb1 Qxd4 21. Rxd4 Ne3 22. Re1 Nf5 23. Rd2 h6 24. Be7 Bxe7 25.
dxe7 Kxe7 26. Bf3 Rd6 27. Rc2 Rc8 28. c5 Rd4 29. g3 Bc6 30. Be2 Be4 31. Bxa6 Bxc2+ 32. Kxc2 Rxc5+ 33. Kb1 Ra5 34. Bf1 Kf6 35. a3 Ne7 36. Bg2 Nd5 37. Be4 Rd2 38. Bc2 Rxh2 39. Rg1 Rc5 40. Bd3 Rc7 41. Rf1 Ne3 42. Rf3 Nf5 43. g4 Nd4 44. Rg3 Rf2 45. g5+ hxg5 46. fxg5+ Ke7 47. Ka2 g6 48. Kb1 Rb7 49. b4 Ra7 50. Bc4 Rf3 51. Rxf3 Nxf3 52. b5 Nd2+ 53. Kc2 Nxc4 0-1

[Event "Late-Titled-Tuesday-Blitz-June-04-2024"]
[Site "Chess.com"]
[Date "2024.06.04"]
[Round "2"]
[White "ahkashefi2800"]
[Black "AlexeiShirov"]
[Result "0-1"]
[WhiteElo "2566"]
[BlackElo "2904"]
[TimeControl "180+1"]
[EndTime "14:18:01 PDT"]
[Termination "AlexeiShirov won on time"]

1. d4 d5 2. c4 c6 3. cxd5 cxd5 4. Nc3 Nf6 5. Nf3 Nc6 6. Bf4 a6 7. e3 Bg4 8. Be2 e6 9. O-O Bd6 10. Bg3 O-O 11. Rc1 Rc8 12. Nd2 Bxe2 13. Qxe2 Na5 14. Nxd5 Nxd5 15. Rxc8 Qxc8 16. Bxd6 Rd8 17. Ba3 Qc2 18.
Re1 Rc8 19. g3 b5 20. e4 Nf6 21. Nf3 Qa4 22. Be7 Rc2 23. Qd3 Rxb2 24. d5 Qc2 25. Qxc2 Rxc2 26. a3 Nc4 27. d6 Nd7 28. e5 Nxa3 29.
Nd4 Rc4 30. Nb3 Rc3 31. Na5 Nc4 32. Nb7 Ncxe5 33. Ra1 Rc6 34. f4 Nc4 35. Nd8 Rb6 36.
Kf2 h6 37. Ke2 b4 38. Rb1 a5 39. Kd3 Na3 40. Ra1 Nc5+ 41. Kd2 Nc4+ 42. Kd1 b3 43.
Rb1 Na3 44. Rb2 Nc4 45. Rb1 b2 46. Kc2 Na3+ 47. Kc3 Nxb1+ 48. Kc4 Nd7 49. Nc6 Na3+ 0-1

[Event "Late-Titled-Tuesday-Blitz-June-04-2024"]
[Site "Chess.com"]
[Date "2024.06.04"]
[Round "2"]
[White "dimitrisl"]
[Black "charly871"]
[Result "1-0"]
[WhiteElo "2503"]
[BlackElo "2252"]
[TimeControl "180+1"]
[EndTime "14:18:01 PDT"]
[Termination "dimitrisl won by resignation"]

1. e4 g6 2. d4 Bg7 3. Nc3 d6 4. Nge2 a6 5. a4 b6 6. h3 Bb7 7. g4 Nf6 8. Bg2 h5 9. g5 Nfd7 10. h4 c5 11. d5 Ne5 12. b3 Nbd7 13. Bb2 Ng4 14. Qd2 Qc7 15. f3 Nge5 16. Nd1 Rg8 17. f4 Ng4 18. Bxg7 Rxg7 19. Bf3 c4 20. Qd4 Rh7 21. b4 O-O-O 22. a5 b5 23. c3 Kb8 24.
Ne3 Nxe3 25. Qxe3 e5 26. f5 Rhh8 27. O-O-O gxf5 28. exf5 Bc8 29. Be4 Qa7 30. Qxa7+ Kxa7 31. Ng3 Bb7 32. Bf3 Rh7 33. f6 Rdh8 34. Be4 Nf8 35. Bxh7 Nxh7 36. Nf5 Rd8 37. Ng7 Bc8 38. Nxh5 Bg4 39.
Ng7 Bxd1 40. Kxd1 Rh8 41. Rg1 Nf8 42. h5 Kb7 43. h6 Ng6 44. Nf5 Kc7 45. Rh1 Rh7 46. Kd2 Kd7 47. Ke3 Nf4 48. Ke4 Nd3 49. Rg1 Nf2+ 50. Kf3 Nd3 51. g6 fxg6 52. Rxg6 Ke8 53.
Rg7 Rh8 54. h7 Kf8 55. f7 e4+ 56. Ke3 Ne5 57. Rg8+ Kxf7 58. Rxh8 Ng6 59. Rg8 Kf6 60. Rxg6+ Kxg6 61. h8=Q Kxf5 62. Qd4 Kg4 63. Qxe4+ Kg5 64. Qe6 Kh4 65. Qxd6 Kg4 66. Qf6 Kh5 67. Qg7 1-0

[Event "Late-Titled-Tuesday-Blitz-June-04-2024"]
[Site "Chess.com"]
[Date "2024.06.04"]
[Round "2"]
[White "stregachess"]
[Black "Zampronha1971"]
[Result "0-1"]
[WhiteElo "2053"]
[BlackElo "2433"]
[TimeControl "180+1"]
[EndTime "14:18:01 PDT"]
[Termination "Zampronha1971 won by resignation"]

1. d4 Nf6 2. Nf3 e6 3. Bf4 c5 4. e3 d5 5. Nc3 Nc6 6. Nb5 e5 7. Nxe5 Be6 8. Nxc6 bxc6 9. Nc7+ Kd7 10. Nxa8 Qxa8 11.
c3 Qb7 12. Qb3 Kc8 13. Be2 c4 14. Qxb7+ Kxb7 15. O-O Be7 16. b3 Ne4 17. bxc4 Nxc3 18. Rfe1 dxc4 19. e4 Ka8 20. Bd2 Nb5 21. Be3 Bf6 22.
Red1 Rd8 23. d5 cxd5 24. Rac1 d4 25. Bxc4 Bxc4 26. Rxc4 dxe3 27. Rxd8+ Bxd8 28. fxe3 Kb7 29. Rc1 Bb6 30. Kf2 Nd6 31. Kf3 f6 32. a4 Nf7 33.
Rd1 Kc6 34. Rc1+ Bc5 35. Rb1 Ne5+ 36. Ke2 Nc4 37. Rb8 Nb6 38. Rg8 Nxa4 39. Rxg7 a5 40. Rxh7 Nb2 41. h4 a4 42. Rh8 Kb7 43. Rh7+ Ka6 44. Rh8 a3 45. h5 a2 46. h6 a1=Q 47.
h7 Qd1+ 48. Kf2 Qd2+ 49. Kg3 Qxe3+ 50. Kg4 Qg5+ 51. Kf3 Qh5+ 52. g4 Qh3+ 53. Ke2 Ba7 54. Kd2 Nc4+ 55. Kc2 Ne5 56. g5 fxg5 57. Kb2 g4 58.
Ka2 g3 59. Re8 Qxh7 60. Rxe5 Qf7+ 61. Ka3 g2 0-1

[Event "Late-Titled-Tuesday-Blitz-June-04-2024"]
[Site "Chess.com"]
[Date "2024.06.04"]
[Round "2"]
[White "MITerryble"]
[Black "sergeikim"]
[Result "1-0"]
[WhiteElo "3032"]
[BlackElo "2616"]
[TimeControl "180+1"]
[EndTime "14:18:03 PDT"]
[Termination "MITerryble won by resignation"]

1. d4 Nf6 2. Bg5 g6 3. Nd2 Bg7 4. c3 d6 5. e4 O-O 6. Ngf3 c6 7. Bd3 Qc7 8. O-O e5 9. Re1 Re8 10. Bf1 a5 11. a4 Na6 12. Rc1 Be6 13. h3 Rad8 14.
b3 exd4 15. cxd4 Nb4 16. e5 dxe5 17. dxe5 Nfd5 18. Bxd8 Rxd8 19. g3 Na2 20. Ra1 Nab4 21. Qc1 Bh6 22. Qb2 Qc8 23. Kh2 Ne7 24. Ne4 Nd3 25.
Bxd3 Rxd3 26. Nd4 Bxh3 27. Rad1 Rxd1 28. Rxd1 Bg7 29. f4 Nd5 30. Qf2 Bg4 31. Rd2 h6 32.
Nd6 Qd7 33. Nc2 Be6 34. Ne3 Nxe3 35. Qxe3 Bd5 36. Ne4 Qf5 37. Nf2 Qb1 38. Qd3 Qe1 39. Qe2 Qb1 40. Rb2 Qc1 41. b4 axb4 42. Rxb4 c5 43. Rb2 Bc6 44. Rc2 Qa1 45. Rxc5 Qxa4 46. Rc1 Kh7 47. Ng4 Qb3 48. Qf2 Qd5 49. Ne3 Qe4 50.
Re1 h5 51. Nc2 Qd5 52. Nb4 Qc4 53. Nxc6 bxc6 54. Qf3 c5 55. e6 fxe6 56. Qe4 Qd5 57. Qxe6 Qd2+ 58. Re2 Qd4 59. f5 gxf5 60. Qxf5+ Kg8 61.
Re8+ 1-0

[Event "Late-Titled-Tuesday-Blitz-June-04-2024"]
[Site "Chess.com"]
[Date "2024.06.04"]
[Round "2"]
[White "MuhittinBuker"]
[Black "StoreySniper"]
[Result "0-1"]
[WhiteElo "2224"]
[BlackElo "2483"]
[TimeControl "180+1"]
[EndTime "14:18:03 PDT"]
[Termination "StoreySniper won by resignation"]

1. d4 g6 2. c4 Bg7 3. Nc3 c5 4. e3 Nh6 5. Nf3 d6 6. Be2 Nc6 7. O-O O-O 8. d5 Nb8 9. Qc2 Na6 10. a3 Nc7 11. e4 Ng4 12. h3 Ne5 13. Nxe5 Bxe5 14. Be3 a6 15. f4 Bg7 16. a4 e6 17.
Qd2 exd5 18. cxd5 Re8 19. e5 b6 20. exd6 Rxe3 21. dxc7 Qxc7 22. Kh1 Bd4 23. Bf3 Qxf4 24. d6 Be5 25. g3 Qxg3 26. Qg2 Rxf3 27. Rxf3 Qxg2+ 28. Kxg2 Bb7 29. Kf2 Bxf3 30. Kxf3 Bxd6 31. Rd1 Be5 32.
Nd5 b5 33. axb5 axb5 34. b3 Ra3 35. Ke4 f6 36. Rc1 Rxb3 37. Rxc5 Rxh3 38. Rxb5 Rh4+ 39.
Ke3 Kg7 40. Rb7+ Kh6 41. Rf7 Kg5 42. Kf3 Rh3+ 43. Kg2 Rd3 44. Nb4 Rd2+ 45. Kf3 h6 46.
Nc6 h5 47. Nxe5 fxe5 48. Rh7 Rd3+ 49. Ke4 Rg3 50. Kxe5 h4 51. Ke4 Kg4 52. Rh6 g5 53. Rh8 Rb3 54. Rh6 h3 55. Rh7 Kg3 56. Kf5 g4 57.
Rg7 Rb5+ 58. Ke4 h2 59. Rh7 Kg2 60. Kf4 g3 61. Kg4 Rb4+ 62. Kf5 h1=Q 63. Rxh1 Kxh1 64.
Ke5 g2 65. Kd5 g1=Q 66. Kc6 Qd4 0-1

[Event "Late-Titled-Tuesday-Blitz-June-04-2024"]
[Site "Chess.com"]
[Date "2024.06.04"]
[Round "2"]
[White "stollenmonster"]
[Black "betta2004"]
[Result "1/2-1/2"]
[WhiteElo "2864"]
[BlackElo "2564"]
[TimeControl "180+1"]
[EndTime "14:18:04 PDT"]
[Termination "Game drawn by repetition"]

1. e4 e5 2. Nc3 Nf6 3. g3 d5 4. exd5 Nxd5 5. Bg2 Nxc3 6. bxc3 Bd6 7.
d3 O-O 8. Ne2 Nc6 9. Rb1 Qe8 10.
O-O b6 11. f4 Bb7 12. f5 f6 13. g4 Nd8 14. Ng3 Bxg2 15. Kxg2 Qc6+ 16. Ne4 Nf7 17.
Qf3 Kh8 18. h4 Be7 19. g5 Nd6 20. Nxd6 Qxf3+ 21. Kxf3 cxd6 22. Ke4 Rac8 23. c4 d5+ 24. Kxd5 Rfd8+ 25. Ke4 Rd4+ 26. Kf3 Rxh4 27. g6 Bd6 28. Rb5 e4+ 29. dxe4 Rxc4 30. Rd5 Rh3+ 31. Ke2 Rxe4+ 32.
Kd1 hxg6 33. Rxd6 gxf5 34. Rd3 Rh5 35. Rg1 g5 36. Rd7 f4 37. Bb2 Re6 38. Rf7 Rh6 39.
Rxg5 Rh1+ 40. Kd2 Rh2+ 41. Kd3 Re3+ 42. Kc4 Rxc2+ 43. Kd5 Rxb2 44. Rh5+ Kg8 45. Rhh7 Re5+ 46. Kd6 Rd2+ 47. Kc6 Re6+ 48. Kb7 Re5 49. Rc7 Re8 50. Rhg7+ Kh8 51. Rh7+ Kg8 52. Rhg7+ Kh8 53. Rh7+ Kg8 1/2-1/2